 Dungeon Crawl Stone Soup version 0.23.1-41-g7e51ed3 (webtiles) character file.

Game seed: 1846754150206302360

1797 Borgoz the Covered (level 9, -7/57 HPs)
             Began as a Gargoyle Gladiator on Mar 30, 2019.
             Was an Initiate of Ashenzari.
             Mangled by an orc warrior
             ... wielding a +0 halberd
              (15 damage)
             ... on level 6 of the Dungeon.
             The game lasted 00:10:08 (5601 turns).

Borgoz the Covered (Gargoyle Gladiator)             Turns: 5601, Time: 00:10:09

Health: -7/57      AC: 14    Str: 19      XL:     9   Next: 9%
Magic:  9/9        EV: 20    Int:  6 (8)  God:    Ashenzari [......]
Gold:   188        SH:  0    Dex: 18 (21) Spells: 8/8 levels left

rFire    . . .     SeeInvis .   e - +2 dagger (speed)
rCold    + . .     Gourm    .   (no shield)
rNeg     + . .     Faith    .   b - +1 leather armour
rPois    ∞         Spirit   .   v - +2 helmet of Relativism {rCorr}
rElec    +         Reflect  .   (no cloak)
rCorr    +         Harm     .   (no gloves)
MR       .....                  (no boots)
Stlth    ++++......             l - amulet of regeneration
HPRegen  0.59/turn              r - ring of resist corrosion
MPRegen  0.11/turn              (no ring)

@: agile
A: thin skeletal structure 1, blink, cold resistance 1, negative energy
resistance 1, robust 1, electricity resistance, unbreathing, petrification
resistance, rot immunity, AC +6
a: Blink, Curse Item, Renounce Religion


You were on level 6 of the Dungeon.
You worshipped Ashenzari.
Ashenzari was noncommittal.
You were near starving.

You visited 2 branches of the dungeon, and saw 7 of its levels.

You collected 188 gold pieces.

Inventory:

Hand Weapons
 a - a +0 rapier
 e - a +2 dagger of speed (weapon)
Missiles
 g - 5 tomahawks (quivered)
 s - 2 tomahawks of returning
Armour
 b - a +1 leather armour (worn)
 d - +0 ice dragon scales
 v - the +2 helmet of Relativism (worn) {rCorr}
   (You found it on level 5 of the Dungeon)

   It provides partial protection from all sources of acid and corrosion.
Jewellery
 l - an amulet of regeneration (around neck)
 n - an uncursed amulet of magic regeneration
 r - a ring of resist corrosion (left hand)
Wands
 c - a wand of scattershot (4)
Scrolls
 i - 3 scrolls of enchant armour
 k - 5 scrolls of teleportation
 m - a scroll of remove curse
 o - a scroll of random uselessness {unknown}
 p - a scroll of fear {unknown}
 u - a scroll of amnesia {unknown}
Potions
 j - a potion of magic
 t - 2 potions of agility
Comestibles
 f - 8 rations


   Skills:
 + Level 4.7 Fighting
 * Level 5.9 Short Blades
 - Level 1.8 Throwing
 * Level 6.1 Armour
 * Level 5.4 Dodging
 + Level 4.4 Stealth
 + Level 0.0 Evocations


You had 8 spell levels left.
You didn't know any spells.
Your spell library was empty.

Dungeon Overview and Level Annotations

Branches:
Dungeon (6/15)             Temple (1/1) D:5

Altars:
Ashenzari
Cheibriados
Dithmenos
Elyvilon
Gozag
Hepliaklqana
Kikubaaqudgha
Makhleb
Nemelex Xobeh
Okawaru
Qazlal
Ru
Sif Muna
Trog
Uskayaw
Vehumet
Wu Jian
Xom
Yredelemnul
Zin
The Shining One


Innate Abilities, Weirdness & Mutations

You are resistant to torment.
Your stone body is resilient. (AC +6)
You are immune to poison.
You resist negative energy. (rN+)
You are resistant to electric shocks. (rElec)
You can survive without breathing.
You are immune to petrification.
You are immune to rotting.
You have a somewhat thin skeletal structure. (Dex +2, Stealth)
You can translocate small distances at will.
Your flesh is cold resistant. (rC+)
You are robust. (+10% HP)


Message History

The orc closely misses you. The orc warrior completely misses you.
You hit the orc warrior but do no damage.
The orc warrior is severely wounded.
You hit the orc warrior but do no damage.
The orc warrior is severely wounded.
The orc completely misses you. The orc warrior misses you.
You feel better. The orc misses you.
You closely miss the orc warrior.
The orc warrior is severely wounded.
The orc warrior hits you with a +0 halberd!!
* * * LOW HITPOINT WARNING * * *
You completely miss the orc warrior.
The orc warrior is severely wounded.
You hit the orc warrior.
The orc warrior is severely wounded.
The orc barely misses you.
Okay, then.
The orc warrior closely misses you.
The orc warrior hits you from afar with a +0 halberd!
You die...

###'#....####
#..#....#..#
#..#....#..#
#..#....#..#
#..#....##'######
#..#............#
#..#####........#
#..##..#........#
#..#...@........#
#.)#...#........#
#.?+.oo#........#
#..###[#........#
#..###o##+#####..
# #...#... #..
#...#... #...
#...##### '...
##### #...


You could see an orc warrior and 2 orcs.

Vanquished Creatures
  Grinder (D:3)
  Sigmund (D:3)
  A hungry ghost (D:5)
  Duvessa (D:4)
  An orc warrior (D:4)
  Blork the orc (D:5)
  Dowan (D:4)
  5 wights (D:4)
  A crimson imp (D:5)
  A hound (D:4)
  4 orc priests
  Natasha (thrice) (D:2)
  4 worker ants
  8 orc wizards
  10 adders
  A shadow imp (D:4)
  3 oozes
  A worm (D:2)
  A dart slug (D:1)
  4 leopard geckos
  23 orcs
  A ball python (D:2)
  9 bats
  2 giant cockroaches
  8 goblins
  6 hobgoblins
  5 jackals
  11 kobolds
  A quokka (D:5)
  5 frilled lizards
  A quokka skeleton (D:5)
  2 rats
127 creatures vanquished.

Notes
Turn   | Place    | Note
-------+----------+-------------------------------------------
     0 | D:1      | Borgoz the Gargoyle Gladiator began the quest for the Orb.
     0 | D:1      | Reached XP level 1. HP: 12/12 MP: 1/1
   184 | D:1      | Reached XP level 2. HP: 16/17 MP: 2/2
   447 | D:1      | Reached skill level 1 in Armour
   447 | D:1      | Reached XP level 3. HP: 19/22 MP: 3/3
  1059 | D:2      | Noticed Natasha
  1073 | D:2      | Killed Natasha
  1073 | D:2      | Reached skill level 1 in Stealth
  1073 | D:2      | Reached XP level 4. HP: 8/27 MP: 4/4
  1471 | D:2      | Noticed Natasha
  1486 | D:2      | Killed Natasha
  1486 | D:2      | Reached skill level 2 in Armour
  1510 | D:2      | Reached XP level 5. HP: 31/31 MP: 5/5
  1749 | D:2      | Noticed Natasha
  1772 | D:2      | Killed Natasha
  2076 | D:3      | Reached XP level 6. HP: 37/37 MP: 6/6
  2077 | D:3      | Reached skill level 3 in Armour
  2135 | D:3      | Found a glowing golden altar of the Shining One.
  2136 | D:3      | Found an opulent altar of Gozag.
  2137 | D:3      | Found a sparkling altar of Nemelex Xobeh.
  2137 | D:3      | Found a glowing silver altar of Zin.
  2139 | D:3      | Found a radiant altar of Vehumet.
  2139 | D:3      | Found a hazy altar of Hepliaklqana.
  2311 | D:3      | Noticed Sigmund
  2320 | D:3      | Killed Sigmund
  2320 | D:3      | Reached XP level 7. HP: 35/41 MP: 7/7
  2410 | D:3      | Noticed Grinder
  2410 | D:3      | Paralysed by Grinder for 2 turns
  2421 | D:3      | Paralysed by Grinder for 6 turns
  2439 | D:3      | Paralysed by Grinder for 2 turns
  2456 | D:3      | Paralysed by Grinder for 5 turns
  2477 | D:3      | Killed Grinder
  2477 | D:3      | Reached skill level 4 in Armour
  3601 | D:4      | Noticed Duvessa
  3601 | D:4      | Noticed Dowan
  3617 | D:4      | Gained mutation: You are dopey. (Int -2) [potion of
                  | mutation]
  3617 | D:4      | Gained mutation: You can translocate small distances at
                  | will. [potion of mutation]
  3617 | D:4      | Gained mutation: Your flesh is cold resistant. (rC+)
                  | [potion of mutation]
  3624 | D:4      | Reached XP level 8. HP: 27/48 MP: 8/8
  3636 | D:4      | Killed Duvessa
  3636 | D:4      | Reached skill level 5 in Short Blades
  3645 | D:4      | Killed Dowan
  4075 | D:4      | Reached skill level 5 in Armour
  4371 | D:4      | Reached skill level 5 in Dodging
  4533 | D:5      | Entered Level 5 of the Dungeon
  4540 | D:5      | Noticed Blork the orc
  4544 | D:5      | Killed Blork the orc
  4625 | D:5      | Got an encrusted helmet
  4636 | D:5      | Identified the +2 helmet of Relativism {rCorr} (You found
                  | it on level 5 of the Dungeon)
  4657 | D:5      | Found a staircase to the Ecumenical Temple.
  4752 | D:5      | Reached XP level 9. HP: 35/52 MP: 9/9
  4773 | D:5      | Lost mutation: You are dopey. (Int -2) [potion of mutation]
  4773 | D:5      | Gained mutation: You are robust. (+10% HP) [potion of
                  | mutation]
  4773 | D:5      | Gained mutation: You have a somewhat thin skeletal
                  | structure. (Dex +2, Stealth) [potion of mutation]
  4780 | Temple   | Entered the Ecumenical Temple
  4819 | Temple   | Became a worshipper of Ashenzari the Shackled
  4998 | D:5      | Found a hide-covered altar of Uskayaw.
  5112 | D:5      | Reached skill level 6 in Armour
  5472 | D:6      | Found an ancient bone altar of Kikubaaqudgha.
  5601 | D:6      | Mangled by an orc warrior

Skill      XL: |  1  2  3  4  5  6  7  8  9 |
---------------+----------------------------+-----
Short Blades   | 3 4 5 |  5.9
Armour         | 1 2 3 4 5 6 |  6.1
Dodging        | 3 4 5 |  5.4
Stealth        | 1 2 3 4 |  4.4
Fighting       | 3 4 |  4.7
Throwing       | |  1.8

Action                   |  1- 3 |  4- 6 |  7- 9 || total
-------------------------+-------+-------+-------++-------
Melee: Dagger            |   142 |   126 |   606 ||   874
       Rapier            |     3 |       |       ||     3
Throw: Throwing net      |     4 |     3 |     5 ||    12
 Abil: Blink             |       |       |     3 ||     3
Evoke: Wand              |       |     4 |     3 ||     7
  Use: Potion            |       |       |    14 ||    14
       Scroll            |       |       |     5 ||     5
 Stab: Sleeping          |     1 |     4 |    10 ||    15
       Held in net/web   |     1 |     1 |       ||     2
  Eat: Chunk             |     1 |     3 |    11 ||    15
       Ration            |       |       |     1 ||     1
Armor: Leather armour    |    34 |    18 |   117 ||   169
Dodge: Dodged            |    53 |    53 |   265 ||   371
